 Dungeon Sprint DCSS version 0.16-a0-3807-g3748f16 (console) character file.

2677 Monkaria the Pandemonic (level 9, 0/85 HPs)
             Began as a Hill Orc Fighter on Jan 27, 2015.
             Was a High Priest of Makhleb.
             Slain by a spiny frog (15 damage)
             ... in the Dungeon (Sprint IX: "|||||||||||||||||||||||||||||").
             The game lasted 00:03:34 (951 turns).

Monkaria the Pandemonic (Hill Orc Fighter)           Turns: 951, Time: 00:03:34

Health: 0/85       AC: 18    Str: 22    XL:     9   Next: 64%
Magic:  27/27      EV:  6    Int:  6    God:    Makhleb [*****.]
Gold:   29         SH: 10    Dex: 15    Spells: 0 memorised, 8 levels left

rFire  + . .     SeeInvis .     p - +2 scimitar {venom, rPois+ rF+ rN+ MR++ Int-5 Dex+2}
rCold  . . .     Clarity  .     s - +1 chain mail
rNeg   + . .     SustAb   .     c - +0 shield (curse)
rPois  +         Gourm    .     q - +0 helmet
rElec  .         Spirit   .     (no cloak)
rCorr  .         Warding  .     r - +2 pair of gloves
rMut   .         NoTele   +     (no boots)
MR     ++...                    (no amulet)
Stlth  ..........               u - +3 ring of intelligence
                                t - +3 ring of dexterity

@: very resistant to hostile enchantments, extremely unstealthy
A: no striking features
a: Minor Destruction, Lesser Servant of Makhleb, Major Destruction, Greater
Servant of Makhleb, Renounce Religion


You were in the Dungeon.
You worshipped Makhleb.
Makhleb was extremely pleased with you.
You were hungry.

You visited 1 branch You collected 29 gold pieces.

Inventory:

Hand weapons
 p - the +2 scimitar "Cyhapath" (weapon) {venom, rPois+ rF+ rN+ MR++ Int-5 Dex+2}
   (You found it in the Dungeon)

   It poisons the flesh of those it strikes.
   It affects your intelligence (-5).
   It affects your dexterity (+2).
   It protects you from fire.
   It protects you from poison.
   It protects you from negative energy.
   It affects your resistance to hostile enchantments.
Armour
 c - a cursed +0 shield (worn)
 q - a +0 helmet (worn)
 r - a +2 pair of gloves (worn)
 s - a +1 chain mail (worn)
Jewellery
 t - a +3 ring of dexterity (left hand)
 u - a +3 ring of intelligence (right hand)
Magical devices
 o - a wand of fire (4)
Scrolls
 b - a scroll of identify
 k - 2 scrolls of blinking
 m - 3 scrolls of remove curse
 n - 2 scrolls of amnesia
 v - 2 scrolls of enchant weapon
 x - a scroll of fog
 y - a scroll of recharging
Potions
 e - 3 potions of might
 f - 7 potions of curing
 g - 5 potions of heal wounds
 h - 2 potions of haste
 i - 4 potions of magic
 j - a potion of berserk rage
 l - a potion of invisibility
Comestibles
 a - 4 chunks of flesh
 d - a meat ration


   Skills:
 - Level 10.0 Fighting
 - Level 12.0 Long Blades
 + Level 11.1 Armour
 - Level 3.2 Shields
 - Level 17.1 Invocations


You had 8 spell levels left.
You didn't know any spells.

Dungeon Overview and Level Annotations

Branches:
Dungeon (1/1)

Altars:
Cheibriados
Dithmenos
Elyvilon
Fedhas
Gozag
Kikubaaqudgha
Makhleb
Nemelex Xobeh
Okawaru
Qazlal
Ru
Sif Muna
Trog
Vehumet
Xom
Yredelemnul
Zin
The Shining One
Beogh
Jiyva
Lugonu


Message History

The spiny frog stings you!
* * * LOW HITPOINT WARNING * * *
Your shield prevents you from hitting the spiny frog.
The spiny frog is heavily wounded.
The spiny frog closely misses you.
You closely miss the spiny frog.
The spiny frog is heavily wounded.
You block the spiny frog's attack.
You completely miss the spiny frog.
The spiny frog is heavily wounded.
The spiny frog stings you but does no damage.
The spiny frog stings you!
* * * LOW HITPOINT WARNING * * *
You hit the spiny frog.
The spiny frog is heavily wounded.
The spiny frog barely misses you.
You slash the spiny frog!
The spiny frog is severely wounded.
The spiny frog stings you!
You die...

▓▓▓▓▓▓▓▓▓▓▓▓▓▓▓▓▓▓▓▓▓▓▓▓▓▓▓▓▓▓▓▓▓
..'_____________________'....))(.
▓▓▓▓▓▓▓▓▓▓▓▓▓▓▓▓▓▓▓▓▓▓▓▓▓▓▓▓▓▓▓▓▓
.................................
▓▓▓▓▓▓▓▓▓▓▓▓▓▓▓▓▓▓▓▓▓▓▓▓▓▓▓▓▓▓▓▓▓
FFY....†.†DFF@...†.....(......
▓▓▓▓▓▓▓▓▓▓▓▓▓▓▓▓▓▓▓▓▓▓▓▓▓▓▓▓▓▓


You could see a spiny frog, a steam dragon and a giant frog.

Vanquished Creatures
  A catoblepas (D)
  A torpor snail (D)
  A fire drake (D)
  2 yaks (D)
  A hungry ghost (D)
  A wolf (D)
  2 water moccasins (D)
  An orc warrior (D)
  A centaur (D)
  A crocodile (D)
  2 giant frogs (D)
  A killer bee (D)
  A sheep (D)
  A mummy (D)
  2 adders (D)
  A river rat (D)
  An adder zombie (D)
  An adder skeleton (D)
  An ooze (D)
  2 orcs (D)
  3 bats (D)
  A bat skeleton (D)
  A bat zombie (D)
  A giant cockroach zombie (D)
  A giant newt (D)
  A goblin (D)
33 creatures vanquished.

Vanquished Creatures (collateral kills)
  A hydra (D)
  A yak (D)
2 creatures vanquished.

Vanquished Creatures (others)
  A balrug (D)
  A hound (D)
  A river rat (D)
3 creatures vanquished.

Grand Total: 38 creatures vanquished

Notes
Turn   | Place    | Note
--------------------------------------------------------------
     0 | D        | Monkaria, the Hill Orc Fighter, began the quest for the Orb.
     0 | D        | Reached XP level 1. HP: 19/19 MP: 1/1
    13 | D        | Reached skill level 4 in Fighting
   135 | D        | Noticed a centaur
   140 | D        | Reached XP level 2. HP: 26/28 MP: 2/2
   144 | D        | Reached skill level 5 in Fighting
   144 | D        | Reached skill level 5 in Long Blades
   151 | D        | Reached XP level 3. HP: 33/36 MP: 3/3
   161 | D        | Killed a centaur
   161 | D        | Reached skill level 7 in Fighting
   161 | D        | Reached skill level 8 in Long Blades
   161 | D        | Reached XP level 4. HP: 8/47 MP: 4/4
   244 | D        | Found a glowing silver altar of Zin.
   244 | D        | Found a glowing golden altar of the Shining One.
   244 | D        | Found an ancient bone altar of Kikubaaqudgha.
   244 | D        | Found a basalt altar of Yredelemnul.
   244 | D        | Found a shimmering altar of Xom.
   244 | D        | Found a radiant altar of Vehumet.
   244 | D        | Found an iron altar of Okawaru.
   245 | D        | Found a burning altar of Makhleb.
   246 | D        | Found a deep blue altar of Sif Muna.
   247 | D        | Found a bloodstained altar of Trog.
   248 | D        | Found a sparkling altar of Nemelex Xobeh.
   249 | D        | Found a white marble altar of Elyvilon.
   250 | D        | Found a roughly hewn altar of Beogh.
   251 | D        | Found a viscous altar of Jiyva.
   252 | D        | Found a corrupted altar of Lugonu.
   253 | D        | Found a blossoming altar of Fedhas.
   254 | D        | Became a worshipper of Makhleb the Destroyer
   255 | D        | Found a snail-covered altar of Cheibriados.
   256 | D        | Found a shadowy altar of Dithmenos.
   257 | D        | Found a stormy altar of Qazlal.
   258 | D        | Found an opulent altar of Gozag.
   259 | D        | Found a sacrificial altar of Ru.
   277 | D        | Got the +2 scimitar "Cyhapath" {venom, rPois+ rF+ rN+ MR++ Int-5 Dex+2}
   413 | D        | Noticed a hungry ghost
   413 | D        | Noticed an orc warrior
   425 | D        | Killed an orc warrior
   425 | D        | Acquired Makhleb's first power
   425 | D        | Reached skill level 10 in Long Blades
   425 | D        | Reached XP level 5. HP: 22/56 MP: 5/5
   431 | D        | Killed a hungry ghost
   431 | D        | Acquired Makhleb's second power
   431 | D        | Reached skill level 10 in Fighting
   431 | D        | Reached skill level 11 in Long Blades
   431 | D        | Reached XP level 6. HP: 26/66 MP: 6/6
   433 | D        | Reached skill level 12 in Long Blades
   604 | D        | Noticed a yak
   604 | D        | Noticed a killer bee
   604 | D        | Noticed a giant frog
   613 | D        | Killed a giant frog
   619 | D        | Killed a killer bee
   619 | D        | Acquired Makhleb's third power
   619 | D        | Reached XP level 7. HP: 72/72 MP: 8/16
   629 | D        | Killed a yak
   629 | D        | Reached skill level 10 in Invocations
   633 | D        | Acquired Makhleb's fourth power
   764 | D        | Noticed a five-headed hydra
   764 | D        | Noticed a fire drake
   764 | D        | Noticed a crocodile
   764 | D        | Noticed a wolf
   764 | D        | Noticed a giant frog
   764 | D        | Noticed a yak
   767 | D        | Noticed a yak
   771 | D        | Noticed a water moccasin
   773 | D        | Killed a yak
   774 | D        | Killed a giant frog
   777 | D        | Killed a wolf
   777 | D        | Acquired Makhleb's fifth power
   777 | D        | Reached skill level 13 in Invocations
   777 | D        | Reached XP level 8. HP: 79/79 MP: 20/23
   783 | D        | Killed a crocodile
   783 | D        | Reached skill level 14 in Invocations
   791 | D        | Killed a fire drake
   791 | D        | Reached skill level 15 in Invocations
   797 | D        | Killed a five-headed hydra
   797 | D        | Reached skill level 16 in Invocations
   797 | D        | Killed a yak
   797 | D        | Reached skill level 17 in Invocations
   797 | D        | Reached XP level 9. HP: 63/85 MP: 24/27
   803 | D        | Killed a water moccasin
   866 | D        | Noticed a spiny frog
   866 | D        | Noticed a torpor snail
   866 | D        | Noticed a catoblepas
   866 | D        | Noticed a hound
   866 | D        | Noticed a water moccasin
   896 | D        | Killed a water moccasin
   896 | D        | Reached skill level 5 in Armour
   897 | D        | Noticed a giant frog
   899 | D        | Killed a hound
   925 | D        | Noticed a steam dragon
   930 | D        | Killed a catoblepas
   945 | D        | Killed a torpor snail
   951 | D        | Slain by a spiny frog

Action                   |  1- 3 |  4- 6 |  7- 9 || total
-------------------------+-------+-------+-------++-------
Melee: Long sword        |    42 |       |       ||    42
       Scimitar          |       |    32 |    62 ||    94
Invok: Greater Servant o |       |       |     1 ||     1
Evoke: Wand              |       |     1 |     2 ||     3
  Use: Scroll            |       |       |     2 ||     2
